 Dungeon Crawl Stone Soup version 0.26-a0-597-gb535b0901c (webtiles) character file.

Game seed: 1991647438344083565

78 Goblin1989 the Sneak (level 4, -5/23 HPs)
             Began as a Spriggan Brigand on Aug 28, 2020.
             Killed from afar by an orc wizard (6 damage)
             ... with a magic dart
             ... on level 3 of the Dungeon.
             The game lasted 00:03:01 (2061 turns).

Goblin1989 the Sneak (Spriggan Brigand)             Turns: 2061, Time: 00:03:02

Health: -5/23      AC:  3    Str:  7    XL:     4   Next: 15%
Magic:  5/5        EV: 17    Int: 12    God:
Gold:   88         SH:  0    Dex: 18    Spells: 3/3 levels left

rFire    . . .     SeeInvis +   a - +2 dagger
rCold    . . .     Faith    .   (shield restricted)
rNeg     . . .     Spirit   .   b - +0 robe
rPois    .         Reflect  .   (helmet restricted)
rElec    .         Harm     .   c - +0 cloak
rCorr    .                      (gloves unavailable)
MR       .....                  (boots unavailable)
Stlth    ++++......             (no amulet)
HPRegen  0.07/turn              (no ring)
MPRegen  0.09/turn              (no ring)

@: very quick
A: very small, unfitting armour, see invisible, speed 3
a: no special abilities


You were on level 3 of the Dungeon.
You visited 1 branch of the dungeon, and saw 3 of its levels.

You collected 88 gold pieces.

Inventory:

Hand Weapons
 a - a +2 dagger (weapon)
Missiles
 d - 9 poisoned darts (quivered)
 e - 2 curare-tipped darts
 h - 7 boomerangs
 i - 21 sling bullets
 m - 17 arrows
 n - 12 stones {@Q3}
Armour
 b - a +0 robe (worn)
 c - a +0 cloak (worn)
Jewellery
 g - a cursed ring of attention {unknown}
 u - an uncursed amulet of magic regeneration {unknown}
Wands
 v - a wand of polymorph (8)
Scrolls
 j - a scroll of fear {unknown}
 k - a scroll of immolation {unknown}
 l - a scroll of fog {unknown}
 s - a scroll of identify {unknown}
 t - a scroll of remove curse {unknown}
Potions
 f - a potion of flight {unknown}
 o - 2 potions of mutation {unknown}
 p - a potion of berserk rage {unknown}
 q - 2 potions of cancellation {unknown}
 r - a potion of heal wounds {unknown}


   Skills:
 + Level 1.6 Fighting
 * Level 4.1 Short Blades
 - Level 2.0 Throwing
 + Level 1.8 Dodging
 + Level 6.8 Stealth


You had 3 spell levels left.
You didn't know any spells.
Your spell library was empty.

Dungeon Overview and Level Annotations

Branches:
Dungeon (3/15)

Altars:
Uskayaw
Vehumet


Innate Abilities, Weirdness & Mutations

You are very small and have problems with some larger weapons.
You are too small for most types of armour.
You have supernaturally acute eyesight. (SInv)
You cover ground extremely quickly.


Message History

Press: ? - help, Shift-Dir - straight line, f - orc wizard
Aim: an orc wizard, wielding a +1 dagger of flaming and wearing a +0 robe You throw a poisoned dart.
The poisoned dart closely misses the orc.
The poisoned dart hits the orc wizard.
Throwing (i - inventory. (/) - cycle)
d - 19 poisoned darts (quivered)
Press: ? - help, Shift-Dir - straight line, f/p - orc wizard
Aim: an orc wizard, wielding a +1 dagger of flaming and wearing a +0 robe You throw a poisoned dart.
The poisoned dart barely misses the orc.
The poisoned dart closely misses the orc wizard.
The orc hits you with a +0 short sword.
A rat comes into view.
You take 4 damage, and have 19/23 hp.
Throwing (i - inventory. (/) - cycle)
d - 18 poisoned darts (quivered)
Press: ? - help, Shift-Dir - straight line, f/p - orc wizard
Aim: an orc wizard, wielding a +1 dagger of flaming and wearing a +0 robe You throw a poisoned dart.
The poisoned dart hits the orc.
The orc is poisoned.
The orc barely misses you.
The orc wizard gestures wildly while chanting.
The orc wizard seems to speed up.
Throwing (i - inventory. (/) - cycle)
d - 17 poisoned darts (quivered)
Press: ? - help, Shift-Dir - straight line, f/p - orc wizard
Aim: an orc wizard, wielding a +1 dagger of flaming and wearing a +0 robe (fast)
You throw a poisoned dart.
The poisoned dart barely misses the orc.
The poisoned dart hits the orc wizard.
The orc wizard is poisoned.
The orc hits you. The orc hits you with a +0 short sword.
You take 5 damage, and have 14/23 hp.
MASSIVE DAMAGE!!
Throwing (i - inventory. (/) - cycle)
d - 16 poisoned darts (quivered)
Press: ? - help, Shift-Dir - straight line, f/p - orc wizard
Aim: an orc wizard, wielding a +1 dagger of flaming and wearing a +0 robe (lightly wounded, fast, poisoned)
You throw a poisoned dart. The poisoned dart hits the orc.
The orc looks even sicker.
The orc is heavily wounded.
The orc hits you but does no damage. The orc barely misses you.
Throwing (i - inventory. (/) - cycle)
d - 15 poisoned darts (quivered)
Press: ? - help, Shift-Dir - straight line, f/p - orc wizard
Aim: an orc wizard, wielding a +1 dagger of flaming and wearing a +0 robe (lightly wounded, fast, poisoned)
You throw a poisoned dart. The poisoned dart hits the orc.
The orc looks even sicker.
The orc is heavily wounded.
The orc misses you. x2
Throwing (i - inventory. (/) - cycle)
d - 14 poisoned darts (quivered)
Press: ? - help, Shift-Dir - straight line, f/p - orc wizard
Aim: an orc wizard, wielding a +1 dagger of flaming and wearing a +0 robe (lightly wounded, fast, poisoned)
You throw a poisoned dart.
The poisoned dart barely misses the orc.
The poisoned dart hits the orc wizard.
The orc wizard is lightly wounded.
Throwing (i - inventory. (/) - cycle)
d - 13 poisoned darts (quivered)
Press: ? - help, Shift-Dir - straight line, f/p - orc wizard
Aim: an orc wizard, wielding a +1 dagger of flaming and wearing a +0 robe (lightly wounded, fast, poisoned)
You throw a poisoned dart.
The poisoned dart closely misses the orc.
The poisoned dart closely misses the orc wizard.
The orc closely misses you. x2
Throwing (i - inventory. (/) - cycle)
d - 12 poisoned darts (quivered)
Press: ? - help, Shift-Dir - straight line, f/p - orc wizard
Aim: an orc wizard, wielding a +1 dagger of flaming and wearing a +0 robe (lightly wounded, fast, poisoned)
You throw a poisoned dart. The poisoned dart hits the orc.
The orc looks as sick as possible!
The orc is severely wounded.
You kill the orc!
The orc wizard casts a spell at you.
You easily resist.
The orc hits you.
You take 1 damage, and have 13/23 hp.
Throwing (i - inventory. (/) - cycle)
d - 11 poisoned darts (quivered)
Press: ? - help, Shift-Dir - straight line, f/p - orc wizard
Aim: an orc wizard, wielding a +1 dagger of flaming and wearing a +0 robe (lightly wounded, fast, poisoned)
You throw a poisoned dart. The poisoned dart hits the orc wizard.
The orc wizard is lightly wounded.
The orc wizard hits you with a +1 dagger of flaming.
The orc wizard burns you. The orc barely misses you.
You take 2 damage, and have 11/23 hp.
Throwing (i - inventory. (/) - cycle)
d - 10 poisoned darts (quivered)
Press: ? - help, Shift-Dir - straight line, f/p - orc wizard
Aim: an orc wizard, wielding a +1 dagger of flaming and wearing a +0 robe (lightly wounded, fast, poisoned)
You throw a poisoned dart. The poisoned dart hits the orc wizard.
The orc wizard looks even sicker.
The orc wizard is lightly wounded.
The orc wizard misses you. The orc misses you.
The orc wizard barely misses you.
You hit the orc wizard but do no damage.
The orc wizard is moderately wounded.
The orc misses you. The orc wizard barely misses you.
You barely miss the orc wizard.
The orc wizard is heavily wounded.
The orc wizard casts a spell at you. The magic dart hits you!
* * * LOW HITPOINT WARNING * * *
The orc misses you.
You take 10 damage, and have 1/23 hp.
MASSIVE DAMAGE!!
You hit the orc wizard.
The orc wizard is severely wounded.
The orc wizard completely misses you.
Unknown command.
The orc wizard gestures at you while chanting.
The magic dart hits you.
You die...

█.............█
█..████.......█ █...
██.......█
..█.███........█
█...............█
█..█.█..........█████.█
█ ..................█
......██████.████..█
██.... █@█ █..
.....██████.█.....
..(....(roo..█
.?..█((███.███ . .....
.... ..█.█.. █..██ █
█.o █..█ █.. █..█ ...
..██


You could see an orc wizard (fast, poisoned) and an orc.

Vanquished Creatures
  2 adders (D:2)
  An ooze (D:1)
  A worm (D:2)
  2 dart slugs
  2 leopard geckos
  An orc (D:3)
  3 giant cockroaches
  8 goblins
  2 hobgoblins (D:1)
  4 jackals (D:2)
  6 bats
  2 frilled lizards
  6 kobolds
  4 rats
44 creatures vanquished.

Notes
Turn   | Place    | Note
-------+----------+-------------------------------------------
     0 | D:1      | Goblin1989 the Spriggan Brigand began the quest for the
                  | Orb.
     0 | D:1      | Reached XP level 1. HP: 10/10 MP: 2/2
    56 | D:1      | Reached skill level 6 in Stealth
    93 | D:1      | Reached XP level 2. HP: 14/14 MP: 3/3
   886 | D:1      | Reached XP level 3. HP: 18/18 MP: 4/4
  1130 | D:2      | Found a hide-covered altar of Uskayaw.
  1405 | D:2      | Reached XP level 4. HP: 13/22 MP: 5/5
  1891 | D:2      | Found a radiant altar of Vehumet.
  2058 | D:3      | HP: 1/23 [orc wizard/magic dart (10)]
  2061 | D:3      | Killed from afar by an orc wizard

Illustrated notes

Levels and vault maps discovered:
D:1:      lemuel_arrival_rhombus, layout_loops_cross, serial_bayou_lake_a
D:2:      layout_basic, nicolae_overflow_hidden_temple
D:3:      layout_loops_cross, minmay_misc_feat_nine_boxes,
          minmay_misc_feat_tower, chequers_garden, uniq_robin, uniq_natasha,
          uniq_terence

Skill      XL: |  1  2  3 |
---------------+----------+-----
Stealth        | 6 |  6.8
Short Blades   | 3 4 |  4.1
Fighting       | |  1.6
Throwing       | |  2.0
Dodging        | |  1.8

Action                   |  1- 3 |  4- 6 || total
-------------------------+-------+-------++-------
Melee: Dagger            |   128 |    18 ||   146
Throw: Dart              |     9 |    17 ||    26
 Stab: Sleeping          |    18 |     1 ||    19
Armor: Robe              |    11 |     3 ||    14
Dodge: Dodged            |   122 |    25 ||   147

Table legend: (Time is in decaauts)
 A = Elapsed time spent in this place.
 B = Non-inter-level travel time spent in this place.
 C = Inter-level travel time spent in this place.
 D = Time resting spent in this place.
 E = Time spent auto-exploring this place.
 F = Levels seen in this place.
 G = Mean time per level.
                   A        B        C        D        E       F      G
               +--------+--------+--------+--------+--------+-----+--------+
         Total |   1555 |   1511 |     44 |      0 |   1201 |   3 |  518.3 |
       Dungeon |   1555 |   1511 |     44 |      0 |   1201 |   3 |  518.3 |
               +--------+--------+--------+--------+--------+-----+--------+

Top non-repeatable levels by time:
     D:2: 851 daAuts
     D:1: 669 daAuts
     D:3: 35 daAuts
